[Event "Djerba Festival Blitz 2025"]
[Site "Djerba"]
[Date "2025.02.21"]
[Round "8.33"]
[White "Mendil, Yacine"]
[Black "Ben Mbarek, Mohamed"]
[Result "1-0"]
[ECO "D04"]
[WhiteElo "1699"]
[BlackElo "1570"]
[PlyCount "64"]
[EventDate "2025.02.15"]
[EventType "swiss"]
[EventCountry "TUN"]
[TimeControl "180+3"]

1. Nf3 Nf6 2. b3 g6 3. Bb2 Bg7 4. e3 O-O 5. d4 d5 6. h3 Nc6 7. c4 e6 8. cxd5 exd5 9. Nbd2 Bf5 10. a3 Qd7 11. b4 a5 12. b5 Na7 13. a4 Nc8 14. Nb3 Nb6 15. Nc5 Qc8 16. Rc1 Ne4 17. Bd3 Nxc5 18. Bxf5 Qxf5 19. Rxc5 Nc4 20. Ba1 Rac8 21. O-O b6 22. Rc6 Rfe8 23. Nd2 Nxd2 24. Qxd2 Bh6 25. Qc3 Re7 26. Rc1 Re4 27. Rxb6 cxb6 28. Qxc8+ Qxc8 29. Rxc8+ Kg7 30. Rc6 Re6 31. Kf1 Rf6 32. Ke2 Re6 1-0

[Event "Djerba Festival Blitz 2025"]
[Site "Djerba"]
[Date "2025.02.21"]
[Round "8.34"]
[White "Zerarga, Imene"]
[Black "Chavallard, Yanis"]
[Result "1-0"]
[ECO "B08"]
[WhiteElo "1831"]
[BlackElo "1605"]
[PlyCount "57"]
[EventDate "2025.02.15"]
[EventType "swiss"]
[EventCountry "TUN"]
[TimeControl "180+3"]

1. e4 g6 2. d4 d6 3. Nf3 Bg7 4. Nc3 Nf6 5. Be2 Nbd7 6. h3 O-O 7. O-O c6 8. Be3 Ne8 9. Qd2 e5 10. Bh6 exd4 11. Nxd4 Nef6 12. Qg5 Nc5 13. f3 Ne6 14. Nxe6 Bxe6 15. Bxg7 Kxg7 16. Rad1 Qb6+ 17. Kh1 Qxb2 18. Qd2 Rad8 19. Rb1 Qa3 20. Rxb7 d5 21. e5 Nh5 22. Kh2 d4 23. Ne4 Rd7 24. Rxd7 Bxd7 25. g4 Nf4 26. Qxf4 f5 27. exf6+ Kh8 28. Qh6 Qxa2 29. Qg7# 1-0

[Event "Djerba Festival Blitz 2025"]
[Site "Djerba"]
[Date "2025.02.21"]
[Round "8.36"]
[White "Farouz, Paul"]
[Black "Mathanchandaran, Dev"]
[Result "1-0"]
[ECO "C25"]
[WhiteElo "1680"]
[BlackElo "1650"]
[PlyCount "83"]
[EventDate "2025.02.15"]
[EventType "swiss"]
[EventCountry "TUN"]
[TimeControl "180+3"]

1. e4 e5 2. Nc3 Nc6 3. Bc4 Bc5 4. Qg4 Qf6 5. Nd5 Qxf2+ 6. Kd1 Kf8 7. Nh3 Qd4 8. d3 d6 9. Qf3 Bb4 10. c3 Bxc3 11. bxc3 Qc5 12. Rf1 f6 13. Ng5 b5 14. Nxc7 Ke7 15. Bxg8 Rxg8 16. Nxh7 Kd7 17. Nd5 b4 18. Nhxf6+ gxf6 19. Nxf6+ Kc7 20. Nxg8 bxc3 21. Qf7+ Kb6 22. Rb1+ Ka6 23. Qc4+ Qxc4 24. dxc4 Bg4+ 25. Kc2 Na5 26. Nf6 Be6 27. Nd5 Bxd5 28. cxd5 Rc8 29. Rb4 Rc7 30. Be3 Nb7 31. Rfb1 Nc5 32. Bxc5 Rxc5 33. h4 Rc7 34. g3 Rg7 35. Rg1 Ka5 36. Kxc3 Rg4 37. Rc4 Kb6 38. Rc6+ Kb7 39. Kd3 a6 40. Rb1+ Ka7 41. Rg1 a5 42. Rxd6 1-0

[Event "Djerba Festival Blitz 2025"]
[Site "Djerba"]
[Date "2025.02.21"]
[Round "8.37"]
[White "Chabbouh, Mohamed Rayen"]
[Black "Kolodner, Garry"]
[Result "0-1"]
[ECO "E61"]
[WhiteElo "1518"]
[BlackElo "1697"]
[PlyCount "88"]
[EventDate "2025.02.15"]
[EventType "swiss"]
[EventCountry "TUN"]
[TimeControl "180+3"]

1. d4 g6 2. c4 Bg7 3. Nc3 d6 4. e3 Nf6 5. Nf3 O-O 6. Bd3 Bg4 7. Be2 Nc6 8. h3 Bd7 9. d5 Nb8 10. e4 c6 11. O-O cxd5 12. exd5 Na6 13. Re1 e6 14. Bd3 exd5 15. Nxd5 Nxd5 16. cxd5 Nc5 17. Bc4 b5 18. Bb3 a5 19. a3 a4 20. Ba2 Re8 21. Bg5 Qc7 22. Bf4 Bxb2 23. Rb1 Rxe1+ 24. Qxe1 Bg7 25. Rc1 Bb2 26. Rb1 Bxa3 27. Qe3 b4 28. Ng5 Re8 29. Qg3 b3 30. Bxb3 axb3 31. Bxd6 Qb6 32. Qf3 Bf5 33. Bxc5 Qxc5 34. Rxb3 Re1+ 35. Kh2 Qd6+ 36. g3 Bc5 37. Qc3 Re2 38. Kh1 Qxd5+ 39. Qf3 Qxf3+ 40. Rxf3 Rxf2 41. Rxf2 Bxf2 42. Kg2 Be3 43. Nf3 Be4 44. h4 h5 0-1

[Event "Djerba Festival Blitz 2025"]
[Site "Djerba"]
[Date "2025.02.21"]
[Round "8.40"]
[White "Alouani, Ahmed"]
[Black "Kammoun, Adam"]
[Result "1-0"]
[ECO "A07"]
[WhiteElo "1617"]
[BlackElo "1571"]
[PlyCount "37"]
[EventDate "2025.02.15"]
[EventType "swiss"]
[EventCountry "TUN"]
[TimeControl "180+3"]

1. Nf3 d5 2. g3 Nf6 3. Bg2 Bf5 4. d3 e6 5. O-O c5 6. Bg5 Nbd7 7. Nbd2 Be7 8. Re1 h6 9. Bxf6 Bxf6 10. e4 dxe4 11. Nxe4 Bxb2 12. Nd6+ Kf8 13. Rb1 Qb6 14. Nc4 Qa6 15. Rxb2 b5 16. Nfe5 Nxe5 17. Bxa8 Nxc4 18. dxc4 b4 19. Qd8# 1-0

[Event "Djerba Festival Blitz 2025"]
[Site "Djerba"]
[Date "2025.02.21"]
[Round "8.41"]
[White "Khider, Amilia"]
[Black "El Gazzar, Ahmed"]
[Result "0-1"]
[ECO "C47"]
[WhiteElo "1524"]
[BlackElo "1667"]
[PlyCount "64"]
[EventDate "2025.02.15"]
[EventType "swiss"]
[EventCountry "TUN"]
[TimeControl "180+3"]

1. e4 e5 2. Nf3 Nc6 3. d4 exd4 4. Nxd4 Nf6 5. Nc3 Bb4 6. Nxc6 bxc6 7. Bd3 d5 8. exd5 cxd5 9. O-O O-O 10. Bg5 c6 11. a3 Bd6 12. Qf3 h6 13. Bh4 Rb8 14. Rab1 Re8 15. b4 Be7 16. Rfe1 Ng4 17. Bg3 Bd6 18. Rxe8+ Qxe8 19. Bxd6 Rb7 20. Na4 Rd7 21. Bg3 Re7 22. Rf1 h5 23. h3 Ne5 24. Bxe5 Rxe5 25. Nc5 Rg5 26. Qf4 Qe7 27. Kh1 Re5 28. c4 dxc4 29. Bxc4 Rf5 30. Qd2 Kh8 31. Rd1 Qe8 32. Qd8 Re5 0-1

[Event "Djerba Festival Blitz 2025"]
[Site "Djerba"]
[Date "2025.02.21"]
[Round "8.43"]
[White "Baba, Mouadh"]
[Black "Charfeddine, Khaled"]
[Result "0-1"]
[ECO "B19"]
[WhiteElo "1688"]
[BlackElo "1908"]
[PlyCount "106"]
[EventDate "2025.02.15"]
[EventType "swiss"]
[EventCountry "TUN"]
[TimeControl "180+3"]

1. e4 c6 2. d4 d5 3. Nc3 dxe4 4. Nxe4 Bf5 5. Ng3 Bg6 6. h4 h6 7. h5 Bh7 8. Nf3 Nd7 9. Bd3 Bxd3 10. Qxd3 e6 11. Bd2 Ngf6 12. O-O-O Be7 13. Kb1 Qb6 14. Qb3 O-O-O 15. Qxb6 Nxb6 16. Be3 Bd6 17. Ne5 Bxe5 18. dxe5 Ng4 19. Bxb6 axb6 20. Rxd8+ Rxd8 21. Ne4 Rd4 22. Nd6+ Kc7 23. Nxf7 Rf4 24. Nd6 Rxf2 25. Ne4 Re2 26. Nc3 Rxe5 27. Rf1 Nf6 28. b3 Rxh5 29. Re1 e5 30. Rg1 Rg5 31. Re1 e4 32. Kc1 Rxg2 33. Nxe4 Nxe4 34. Rxe4 b5 35. Kb2 h5 36. Rh4 g6 37. Rf4 g5 38. Rf5 h4 39. Rf7+ Kb6 40. Rh7 Rg3 41. Kc1 h3 42. Kd1 g4 43. Ke1 Rg2 44. Kf1 Rxc2 45. Rh4 Rg2 46. a3 Rg3 47. Kf2 Rxb3 48. Rxg4 h2 49. Rh4 Rxa3 50. Kg2 Ra2+ 51. Kh1 Rc2 52. Rh6 b4 53. Rxc6+ {[%emt 0:00:03] Rc3 Rc4 Rxc4 Kxh2} Rxc6 0-1

[Event "Djerba Festival Blitz 2025"]
[Site "Djerba"]
[Date "2025.02.21"]
[Round "8.44"]
[White "Doucet, Jean Gabriel"]
[Black "Chaudesaygues, Hugo"]
[Result "0-1"]
[ECO "C44"]
[WhiteElo "1506"]
[BlackElo "1624"]
[PlyCount "84"]
[EventDate "2025.02.15"]
[EventType "swiss"]
[EventCountry "TUN"]
[TimeControl "180+3"]

1. e4 e5 2. Nf3 Nc6 3. d4 exd4 4. Bc4 d6 5. O-O Bg4 6. h3 Bxf3 7. Qxf3 Qf6 8. Qxf6 Nxf6 9. Re1 Nd7 10. Bf4 Nde5 11. Bxe5 Nxe5 12. Bb3 c5 13. Bd5 Rb8 14. Na3 f6 15. Nb5 a6 16. Nc7+ Kd7 17. Ne6 b5 18. b3 Re8 19. Nf4 g5 20. Nd3 Nc6 21. a3 Ne5 22. Rac1 c4 23. bxc4 Nxc4 24. Bxc4 bxc4 25. Nb4 Ra8 26. Rcd1 a5 27. Nd5 Bg7 28. Nb6+ Kc6 29. Nxa8 Rxa8 30. Rxd4 f5 31. Rxc4+ Kb5 32. Rc7 Bd4 33. exf5 h5 34. Rb1+ Ka6 35. Rc6+ Ka7 36. Rxd6 Be5 37. Rd5 Bc7 38. f6 Re8 39. Rxg5 Ka6 40. Rxh5 Bb8 41. Rh6 Ka7 42. Rb5 Re1# 0-1

[Event "Djerba Festival Blitz 2025"]
[Site "Djerba"]
[Date "2025.02.21"]
[Round "8.45"]
[White "Raymond, Andre"]
[Black "Mallah, Abderrahmane"]
[Result "0-1"]
[ECO "B13"]
[WhiteElo "1610"]
[BlackElo "1556"]
[PlyCount "55"]
[EventDate "2025.02.15"]
[EventType "swiss"]
[EventCountry "TUN"]
[TimeControl "180+3"]

1. e4 c6 2. c3 d5 3. exd5 cxd5 4. d4 Nf6 5. Nf3 Bg4 6. Be2 e6 7. O-O Bd6 8. h3 Bh5 9. Ne5 Bxe2 10. Qxe2 O-O 11. Bg5 h6 12. Bh4 Be7 13. Nd2 Nbd7 14. Ndf3 Ne4 15. Bxe7 Qxe7 16. Nxd7 Qxd7 17. Ne5 Qd6 18. c4 Rac8 19. c5 Qe7 20. a3 b6 21. b4 bxc5 22. bxc5 Qh4 23. Nf3 Qe7 24. Rac1 Ng5 25. Nxg5 Qxg5 26. Qb5 Qf4 27. Qd3 Rc6 28. Qe3 0-1

[Event "Djerba Festival Blitz 2025"]
[Site "Djerba"]
[Date "2025.02.21"]
[Round "8.49"]
[White "Hinard, Jeremy"]
[Black "Alkortabi, Ahmed B."]
[Result "1-0"]
[ECO "A40"]
[WhiteElo "1609"]
[BlackElo "1906"]
[PlyCount "61"]
[EventDate "2025.02.15"]
[EventType "swiss"]
[EventCountry "TUN"]
[TimeControl "180+3"]

1. d4 e5 2. dxe5 Nc6 3. Nf3 b6 4. a3 Nge7 5. b4 g6 6. Bb2 Bg7 7. e3 Bb7 8. Be2 O-O 9. O-O d6 10. exd6 cxd6 11. Bxg7 Kxg7 12. c4 d5 13. cxd5 Nxd5 14. Qb3 Qf6 15. Nd4 Nxd4 16. exd4 Qxd4 17. Ra2 Ne3 18. fxe3 Qd7 19. Bf3 Bxf3 20. Rxf3 Rac8 21. Rd2 Rc1+ 22. Rf1 Qc6 23. Rxc1 Qb5 24. Rd5 Qc6 25. Rxc6 Re8 26. Rd7 Kh6 27. Qxf7 Rxe3 28. Qxh7+ Kg5 29. Rd5+ Kg4 30. Qxg6+ Kh4 31. Rh5# 1-0